 Dungeon Crawl Stone Soup version 0.28-b1-1-g3c77fb2ed1 (webtiles) character file.

Game seed: 6117926069601180237

16 Zonian the Magician (level 2, 21/21 HPs)
             Began as a Djinni Ice Elementalist on Jan 30, 2022.
             Was an Initiate of Ru.
             Quit the game on level 1 of the Dungeon.
             The game lasted 00:00:55 (782 turns).

Zonian the Magician (Djinni Ice Elementalist)        Turns: 782, Time: 00:00:55

Health: 21/21      AC:  2    Str:  7    XL:     2   Next: 75%
Gold:   16         EV: 12    Int: 16    God:    Ru [......] SH:  0 Dex: 13

rFire   + + .      SeeInvis .   (no weapon)
rCold   x . .      Faith    .   (no shield)
rNeg    . . .      Spirit   .   a - +0 robe
rPois   ∞          Reflect  .   (no helmet)
rElec   .          Harm     .   (no cloak)
rCorr   .          Rampage  .   (no gloves)
Will    .....                   (boots unavailable)
Stlth   ++........              (no amulet)
HPRegen 0.07/turn               (no ring)
MPRegen 0.00/turn               (no ring)

@: flying
A: sickness immunity, fire resistance 2, cold vulnerability 1, float, innate
caster, hp casting, extra vitality 1
a: Renounce Religion


You were on level 1 of the Dungeon.
You worshipped Ru.
Ru was noncommittal.
You visited 1 branch of the dungeon, and saw 1 of its levels.

You collected 16 gold pieces.

Inventory:

Armour
 a - a +0 robe (worn)
Scrolls
 b - a scroll of brand weapon {unknown}
Potions
 c - a potion of mutation {unknown}


   Skills:
 + Level 2.6 Dodging
 + Level 2.0 Stealth
 + Level 3.4 Spellcasting


You couldn't memorise any spells.
You knew the following spells:

 Your Spells              Type           Power      Damage    Failure   Level
a - Freeze                Ice            52%        1d7       4%          1
b - Frozen Ramparts       Ice            26%        1d4       13%         3
c - Ozocubu's Armour      Ice            13%        N/A       13%         3
d - Hailstorm             Conj/Ice       13%        3d5       41%         4
Your spell library was empty.

Dungeon Overview and Level Annotations

Branches:
Dungeon (1/15)

Altars:
Ru


Innate Abilities, Weirdness & Mutations

You are immune to sickness and miasma.
You are immune to poison.
Your flesh is very heat resistant. (rF++)
You are vulnerable to cold. (rC-)
You float through the air rather than walking.
You learn spells naturally, not from books.
Your magical power is your life essence.
You have superior vitality. (+4 MHP)


Message History

You freeze the hobgoblin.
You kill the hobgoblin!
Unknown command.
You see here a hobgoblin corpse.
Found a faded altar of an unknown god.
A spectral kobold comes into view.
You reach down and open the door.
Found 5 javelins and a scroll labelled SIAGHI ADDEREN.
Found a stone staircase leading down.
A ball python comes into view.
There is an open door here.
Unknown command.
The spectral kobold barely misses you.
You freeze the spectral kobold.
The spectral kobold resists.
The spectral kobold is lightly damaged.
The spectral kobold hits you but does no damage.
You freeze the spectral kobold.
The spectral kobold resists.
The spectral kobold is heavily damaged.
The spectral kobold hits you but does no damage.
You freeze the spectral kobold.
The spectral kobold resists.
The spectral kobold is severely damaged.
The spectral kobold closely misses you.
You freeze the spectral kobold.
The spectral kobold resists.
The spectral kobold is almost destroyed.
The spectral kobold misses you.
You freeze the spectral kobold.
The spectral kobold resists.
You destroy the spectral kobold!
Unknown command.
You start resting.
HP restored.
You start waiting.
Done waiting.
Unknown command.
You reach down and open the gate.
There is an open gate here.
There is a faded altar of an unknown god here.
You cannot tell which god this altar belongs to.
Convert to them anyway?
Ru accepts your prayer! Ru welcomes you!
Are you sure you want to abandon this character and quit the game? (Confirm with "yes".)

#...### ......# .... ......#
### ...# ......# #...##
...###. ....### #.#.#.#
....... #...# ≈≈≈≈≈ ≈≈...
##..# ≈###≈≈≈ ≈.≈### ##..###
≈≈8.#≈≈#≈##≈8# ##....#
#≈#≈≈.≈≈@≈≈≈≈≈#≈. ###.#.#
≈#≈#.......###.. # #.#.#
≈.#.≈≈≈.≈.#.≈.#+## ###.#.#
#≈#≈...≈.≈#.##...# ....#.#
#≈≈#.≈.≈.#≈.#....S #.###.#
#≈.##'''#≈.#......
......######.≈≈≈≈≈≈.≈.......
...........†........'....(..
...###########...####>......


There were no monsters in sight!

Vanquished Creatures
  3 bats (D:1)
  2 goblins (D:1)
  2 hobgoblins (D:1)
  3 jackals (D:1)
  A quokka (D:1)
  A frilled lizard (D:1)
  A spectral kobold (D:1)
13 creatures vanquished.

Notes
Turn   | Place    | Note
-------+----------+-------------------------------------------
     0 | D:1      | Zonian the Djinni Ice Elementalist began the quest for the
                  | Orb.
     0 | D:1      | Reached XP level 1. HP: 15/15 MP: 0/0
   232 | D:1      | Reached XP level 2. HP: 20/21 MP: 0/0
   571 | D:1      | Found a faded altar of an unknown god.
   781 | D:1      | Prayed at the altar of an unknown god.
   781 | D:1      | Became a worshipper of Ru the Awakened
   782 | D:1      | Quit the game

Illustrated notes

Levels and vault maps discovered:
D:1:      scummos_arrival_simple_crosswalls, layout_loops_corners,
          dreamdust_ecumenical_altar_drowned_temple, amethyst_killhole,
          corexii_leaking_fountain

Skill      XL: |  1  2 |
---------------+-------+-----
Stealth        | 2 |  2.0
Dodging        | |  2.6
Spellcasting   | |  3.4

Action                   || total
-------------------------++-------
Melee: Unarmed           ||     2
 Cast: Freeze            ||    22
Armor: Robe              ||     2
Dodge: Dodged            ||    17
